 Dungeon Crawl Stone Soup version 0.23-a0-584-g44dd78f (webtiles) character file.

845 Firecrotchwizard the Ruffian (level 8, -1/70 HPs)
             Began as a Ghoul Fighter on Dec 18, 2018.
             Was a Follower of Okawaru.
             Slain by Edmund
             ... wielding a +2 dire flail of protection
              (9 damage)
             ... on level 4 of the Dungeon.
             The game lasted 00:10:57 (3591 turns).

Firecrotchwizard the Ruffian (Ghoul Fighter)        Turns: 3591, Time: 00:10:57

Health: -1/70      AC:  7    Str: 26    XL:     8   Next: 0%
Magic:  7/9        EV:  7    Int:  4    God:    Okawaru [*.....]
Gold:   192        SH: 10    Dex: 12    Spells: 7/7 levels left

rFire    . . .     SeeInvis .     - Unarmed
rCold    + . .     Gourm    .   b - +0 shield
rNeg     + + +     Faith    .   a - +0 scale mail
rPois    ∞         Spirit   .   t - +0 helmet
rElec    .         Reflect  .   (no cloak)
rCorr    .         Harm     .   (no gloves)
MR       .....                  (no boots)
Stlth    +.........             (no amulet)
HPRegen  0.00/turn              l - +4 ring of dexterity
MPRegen  0.11/turn              u - ring of stealth {Stlth+}

@: mighty, rotting
A: rotting body, claws 1, carnivore, cold resistance 1, negative energy
resistance 3, inhibited regeneration, torment resistance, unbreathing
a: Heroism, Renounce Religion


You were on level 4 of the Dungeon.
You worshipped Okawaru.
Okawaru was aware of your devotion.
You were not hungry.

You visited 1 branch of the dungeon, and saw 4 of its levels.

You collected 192 gold pieces.

Inventory:

Hand Weapons
 f - a +0 dagger
   (You took it off a kobold on level 1 of the Dungeon)
 h - a cursed -2 club
   (You took it off a kobold on level 1 of the Dungeon)
 i - a +0 club
   (You took it off a hobgoblin on level 1 of the Dungeon)
Armour
 a - a +0 scale mail (worn)
 b - a +0 shield (worn)
 t - a +0 helmet (worn)
   (You took it off Robin on level 2 of the Dungeon)
Jewellery
 l - a +4 ring of dexterity (left claw)
   (You found it on level 2 of the Dungeon)
 u - a ring of stealth (right claw) {Stlth+}
   (You found it on level 2 of the Dungeon)
Wands
 o - a wand of disintegration (7)
   (You found it on level 3 of the Dungeon)
Scrolls
 g - a scroll of fear {unknown}
 k - 3 scrolls of identify {unknown}
 m - a scroll of amnesia {unknown}
 n - a scroll of immolation {unknown}
 p - a scroll of remove curse {unknown}
 q - a scroll of random uselessness {unknown}
 r - a scroll of teleportation {unknown}
 w - a scroll of magic mapping {unknown}
 x - a scroll of enchant weapon {unknown}
Potions
 c - 3 potions of might
 e - a potion of brilliance {unknown}
 j - a potion of resistance {unknown}
 s - 2 potions of cancellation {unknown}
Comestibles
 d - 4 rations


   Skills:
 + Level 5.8 Fighting
 - Level 2.6 Armour
 - Level 3.9 Shields
 * Level 7.1 Unarmed Combat
 + Level 2.8 Invocations


You had 7 spell levels left.
You didn't know any spells.
Your spell library was empty.

Dungeon Overview and Level Annotations

Branches:
Dungeon (4/15)
 Temple: D:4-7

Altars:
Okawaru

Annotations:
D:4 Edmund


Innate Abilities, Weirdness & Mutations

Your body is rotting away.
You thrive on raw meat.
You are immune to poison.
You have sharp fingernails.
You are carnivorous and can eat meat at any time.
Your flesh is cold resistant. (rC+)
You are immune to negative energy. (rN+++)
You do not regenerate when monsters are visible.
You are immune to unholy pain and torment.
You can survive without breathing.


Message History

A phantom comes into view.
A quokka comes into view.
The adder barely misses you.
You barely miss the adder. You block the adder's attack.
The adder bites you but does no damage.
You claw the adder!
You kill the adder!
Okawaru accepts your kill.
Menkaure gestures wildly while chanting.
Menkaure seems to speed up.
Menkaure grins.
Menkaure barely misses you.
You scratch Menkaure. Menkaure barely misses you.
You barely miss Menkaure. Menkaure hits you!
You take 11 damage, and have 47/61 hp.
You claw Menkaure! Menkaure breathes soot at you. Menkaure hits you!
Menkaure says, "Why can't you leave me to my rest?"
Menkaure hits you!
You take 20 damage, and have 27/61 hp.
MASSIVE DAMAGE!!
You gain the combat prowess of a mighty hero.
Edmund says, "I might not be good at magic, but I can still kill you!"
You block Menkaure's attack.
You now have 5/7 mp.
Your scale mail prevents you from hitting Menkaure.
Menkaure hits you!
You take 7 damage, and have 20/61 hp.
You completely miss Menkaure. Menkaure closely misses you.
You scratch Menkaure but do no damage. You block Menkaure's attack.
You scratch Menkaure. Menkaure hits you!!
* * * LOW HITPOINT WARNING * * *
You take 19 damage, and have 1/61 hp.
MASSIVE DAMAGE!!
Eat one of 4 chunks of flesh {@w0}? (ye/n/q)
You eat one of the 4 chunks of flesh {@w0}.
This raw flesh tastes great!
Menkaure barely misses you.
You regained 8 hp, and now have 9/61 hp.
Eat one of 3 chunks of flesh {@w0}? (ye/n/q)
You eat one of the 3 chunks of flesh {@w0}.
This raw flesh tastes great!
Menkaure blazes with dark energy!
You block Menkaure's attack.
You regained 6 hp, and now have 15/61 hp.
Eat one of 2 chunks of flesh {@w0}? (ye/n/q)
You eat one of the 2 chunks of flesh {@w0}.
This raw flesh tastes great!
Menkaure barely misses you.
You regained 4 hp, and now have 19/61 hp.
You scratch Menkaure. Menkaure hits you!
* * * LOW HITPOINT WARNING * * *
You take 16 damage, and have 3/61 hp.
MASSIVE DAMAGE!!
You claw Menkaure!
You destroy Menkaure!
Okawaru is honoured by your kill.
Your base Unarmed Combat skill increases to level 7!
You have reached level 8!
Eat a chunk of flesh {@w0}? (ye/n/q)
You eat the chunk of flesh {@w0}.
This raw flesh tastes great!
You block the phantom's attack.
You regained 12 hp, and now have 15/70 hp.
You feel very mighty all of a sudden. The phantom hits you.
* * * LOW HITPOINT WARNING * * *
The phantom blinks!
You take 4 damage, and have 11/70 hp.
You feel better.
You regained 8 hp, and now have 19/70 hp.
Okay, then.
You claw the quokka!
You kill the quokka!
Okawaru accepts your kill.
Your shield and scale mail prevent you from hitting Edmund.
Edmund hits you with a +2 dire flail of protection.
* * * LOW HITPOINT WARNING * * *
You take 1 damage, and have 18/70 hp.
You closely miss Edmund.
Okay, then.
Your shield and scale mail prevent you from hitting Edmund.
You block Edmund's attack.
You claw Edmund!
Edmund says, "Everyone always remembers my brother. 'Who's Edmund?' they ask!"
Edmund hits you but does no damage.
You closely miss Edmund.
You feel like a meek peon again.
Edmund hits you with a +2 dire flail of protection.
* * * LOW HITPOINT WARNING * * *
You take 1 damage, and have 17/70 hp.
You scratch Edmund.
The phantom blinks!
Edmund hits you with a +2 dire flail of protection!
* * * LOW HITPOINT WARNING * * *
You take 9 damage, and have 8/70 hp.
You claw Edmund! You closely miss Edmund.
Edmund drinks a potion.
Edmund is healed!
You claw Edmund!
Edmund says, "Maybe I'll buy a title.
How does Count Edmund sound?"
Edmund hits you with a +2 dire flail of protection!
You die...

'##..##.... ....##
........... ......#
........(... ......#...
.........#≈.. #.....'.....
.........#≈≈.. #..........
.........###...###.........
..........#....@@.......).
. #.....####.##..#..#..#
.####.....########'#.>##.##
.............#...)).#.....#
.............#......#...#
.............#......#...#
.............#......+...#
........##.|...÷..###..##
...).##########...####+#


You could see Edmund.

Vanquished Creatures
  Sigmund (D:3)
  Menkaure (D:4)
  A centaur (D:3)
  A bullfrog (D:4)
  3 orc priests
  An orc wizard (D:4)
  3 worker ants
  Ijyb (D:3)
  Robin (D:2)
  9 adders
  An adder zombie (D:3)
  2 worms
  A dart slug (D:3)
  4 leopard geckos
  8 orcs
  3 ball pythons
  16 giant cockroaches
  12 goblins
  7 hobgoblins
  4 jackals (D:3)
  8 kobolds
  A quokka (D:4)
  12 bats
  3 frilled lizards
  6 rats
110 creatures vanquished.

Vanquished Creatures (others)
  A quokka (D:4)
1 creature vanquished.

Grand Total: 111 creatures vanquished

Notes
Turn   | Place    | Note
-------+----------+-------------------------------------------
     0 | D:1      | Firecrotchwizard the Ghoul Fighter began the quest for the
                  | Orb.
     0 | D:1      | Reached XP level 1. HP: 19/19 MP: 0/0
    74 | D:1      | Reached XP level 2. HP: 23/26 MP: 1/1
   481 | D:1      | Reached skill level 3 in Unarmed Combat
   584 | D:1      | Found an iron altar of Okawaru.
   605 | D:1      | Became a worshipper of Warmaster Okawaru
   817 | D:1      | Reached XP level 3. HP: 31/31 MP: 2/2
   997 | D:2      | Reached skill level 3 in Shields
  1130 | D:2      | You fall through a shaft for 2 floors!
  1247 | D:3      | HP: 7/33 [orc priest/+0 morningstar (13)]
  1248 | D:3      | HP: 2/32 [orc priest/+0 morningstar (5)]
  1249 | D:3      | Reached skill level 4 in Fighting
  1249 | D:3      | Reached XP level 4. HP: 2/39 MP: 3/3
  1532 | D:3      | Reached skill level 4 in Unarmed Combat
  1549 | D:3      | Noticed Sigmund
  1961 | D:3      | Reached XP level 5. HP: 44/46 MP: 4/4
  1983 | D:3      | Noticed Ijyb
  1999 | D:3      | Paralysed by Ijyb for 3 turns
  2003 | D:3      | Paralysed by Ijyb for 7 turns
  2031 | D:3      | Killed Ijyb
  2307 | D:2      | Noticed Robin
  2330 | D:2      | Killed Robin
  2330 | D:2      | Reached skill level 5 in Unarmed Combat
  2330 | D:2      | Reached XP level 6. HP: 32/53 MP: 5/5
  2921 | D:3      | Reached * piety under Okawaru
  3139 | D:3      | Killed Sigmund
  3139 | D:3      | Reached skill level 5 in Fighting
  3139 | D:3      | Reached skill level 6 in Unarmed Combat
  3139 | D:3      | Reached skill level 1 in Invocations
  3139 | D:3      | Reached XP level 7. HP: 33/61 MP: 3/7
  3407 | D:4      | Reached skill level 2 in Invocations
  3557 | D:4      | Noticed Menkaure
  3560 | D:4      | Noticed Edmund
  3573 | D:4      | HP: 1/61 [Menkaure (19)]
  3578 | D:4      | Killed Menkaure
  3578 | D:4      | Reached skill level 7 in Unarmed Combat
  3578 | D:4      | Reached XP level 8. HP: 3/70 MP: 5/9
  3580 | D:4      | HP: 11/70 [phantom (4)]
  3587 | D:4      | HP: 17/70 [Edmund/+2 dire flail of protection (1)]
  3588 | D:4      | HP: 8/70 [Edmund/+2 dire flail of protection (9)]
  3591 | D:4      | Slain by Edmund

Vault maps used:
D:1:      lemuel_arrival_behind_the_door_small, okawaru_ov_weapons_minmay
D:2:      uniq_robin
D:3:      minmay_roachtagon, hangedman_decor_growths, uniq_ijyb, uniq_sigmund
D:4:      elyvilon_altar_4, minmay_temple_entry_butterflies, first_ration,
          uniq_grinder, uniq_natasha, uniq_crazy_yiuf_cottage, uniq_menkaure,
          uniq_edmund

Skill      XL: |  1  2  3  4  5  6  7 |
---------------+----------------------+-----
Unarmed Combat | 3 4 5 6 7 |  7.1
Shields        | 3 |  3.9
Fighting       | 4 5 |  5.8
Invocations    | 1 2 |  2.8
Armour         | |  2.6

Action                   |  1- 3 |  4- 6 |  7- 9 || total
-------------------------+-------+-------+-------++-------
Melee: Unarmed           |   158 |   242 |    65 ||   465
Invok: Heroism           |       |     1 |     1 ||     2
  Use: Potion            |       |       |     2 ||     2
  Eat: Chunk             |    19 |    16 |    10 ||    45
Armor: Scale mail        |    65 |   104 |    17 ||   186
Dodge: Dodged            |    39 |    71 |    13 ||   123
Block: Shield            |    80 |   139 |    18 ||   237

Table legend:
 A = Non-vault XP
 B = Vault XP
 C = Vault XP percentage of total XP
 D = Non-vault monster count
 E = Vault monster count
 F = Vault count percentage of total count
                 A         B        C        D         E       F
            +---------+---------+-------+---------+---------+-------
      Total |     733 |     475 |  39.3 |      87 |      23 |  20.9
            +---------+---------+-------+---------+---------+-------
        D:1 |      35 |       0 |   0.0 |      20 |       0 |   0.0
        D:2 |      38 |      31 |  44.9 |      17 |       9 |  34.6
        D:3 |     350 |     269 |  43.5 |      39 |      13 |  25.0
        D:4 |     310 |     175 |  36.1 |      11 |       1 |   8.3
            +---------+---------+-------+---------+---------+-------

Vault maps used:
D:1:      lemuel_arrival_behind_the_door_small, okawaru_ov_weapons_minmay
D:2:      uniq_robin
D:3:      minmay_roachtagon, hangedman_decor_growths, uniq_ijyb, uniq_sigmund
D:4:      elyvilon_altar_4, minmay_temple_entry_butterflies, first_ration,
          uniq_grinder, uniq_natasha, uniq_crazy_yiuf_cottage, uniq_menkaure,
          uniq_edmund

Table legend:
 A = Turns spent in this place as a percentage of turns spent in the entire game.
 B = Non-inter-level travel turns spent in this place as a percentage of non-inter-level travel turns spent in the entire game.
 C = Inter-level travel turns spent in this place as a percentage of turns spent in this place.
 D = Turns resting spent in this place as a percentage of non-inter-level travel turns spent in this place.
 E = Turns spent auto-exploring this place as a percentage of non-inter-level travel turns spent in this place.
 F = Non-inter-level travel turns spent in this place divided by the number of levels of this place that you've seen.
                   A       B       C       D       E      F
               +-------+-------+-------+-------+-------+----------------------
         Total | 100.0 | 100.0 |   2.6 |  22.5 |  49.7 | 874.5
       Dungeon | 100.0 | 100.0 |   2.6 |  22.5 |  49.7 | 874.5
               +-------+-------+-------+-------+-------+----------------------

Table legend:
 A = Kills in this place as a percentage of kills in entire the game.
 B = Kills by you in this place as a percentage of kills by you in the entire game.
 C = Kills by friends in this place as a percentage of kills by friends in the entire game.
 D = Other kills in this place as a percentage of other kills in the entire game.
 E = Experience gained in this place as a percentage of experience gained in the entire game.
 F = Experience gained in this place divided by the number of levels of this place that you have seen.
                   A       B       C       D       E      F
               +-------+-------+-------+-------+-------+----------------------
         Total | 100.0 | 100.0 |   N/A |   N/A | 100.0 | 302.0
       Dungeon | 100.0 | 100.0 |   N/A |   N/A | 100.0 | 302.0
               +-------+-------+-------+-------+-------+----------------------
